 Dungeon Crawl Stone Soup version 0.29-a0-307-gecccbbdb84 (webtiles) character file.

Game seed: 10249468724615653986

394 Inarius the Scratcher (level 6, -8/28 HPs)
             Began as a Felid Chaos Knight on Mar 27, 2022.
             Was a Plaything of Xom.
             Mangled by an ogre
             ... wielding a +0 giant club
              (28 damage)
             ... on level 6 of the Dungeon.
             The game lasted 00:06:58 (4238 turns).

Inarius the Scratcher (Felid Chaos Knight)          Turns: 4238, Time: 00:06:59

Health: -8/28      AC:  2    Str: 16    XL:     6   Next: 51%
Magic:  7/7        EV: 19    Int: 14    God:    Xom [.....*]
Gold:   862        SH:  0    Dex: 17    Spells: 5/5 levels left
                                        Lives:  0   Deaths: 1

rFire   . . .      SeeInvis +     - Unarmed
rCold   . . .      Faith    .   (shield unavailable)
rNeg    . . .      Spirit   .   (body armour unavailable)
rPois   .          Reflect  .   (helmet unavailable)
rElec   .          Harm     .   (cloak unavailable)
rCorr   .          Rampage  .   (gloves unavailable)
Will    +....      Clarity  +   (boots unavailable)
Stlth   +++.......              (no amulet)
HPRegen 0.09/turn               b - ring of willpower
MPRegen 0.10/turn               o - +6 ring of strength

@: quick
A: very small, claws 1, fangs 3, see invisible, speed 1, shaggy fur 2, stealthy
paws, no weapons or thrown items, no armour, multi-lived, horns 1, clarity,
mutation resistance 2, strong 1
a: Renounce Religion


You were on level 6 of the Dungeon.
You worshipped Xom.
You were Xom's teddy bear.
You visited 1 branch of the dungeon, and saw 6 of its levels.

You collected 862 gold pieces.

Inventory:

Jewellery
 b - a ring of willpower (left paw)
 o - a +6 ring of strength (right paw)
Wands
 k - a wand of iceblast (5)
 n - a wand of polymorph (2)
Scrolls
 d - 6 scrolls of teleportation
 e - 2 scrolls of magic mapping
 h - a scroll of noise {unknown}
 j - a scroll of fear
 p - a scroll of torment {unknown}
Potions
 c - 2 potions of heal wounds
 f - a potion of curing {unknown}
 g - a potion of attraction {unknown}
 i - a potion of invisibility {unknown}
 l - a potion of haste {unknown}
Miscellaneous
 a - a piece from Xom's chessboard (12/15) (quivered)


   Skills:
 + Level 3.6 Fighting
 + Level 4.5 Dodging
 * Level 3.9 Stealth
 + Level 5.7 Unarmed Combat
 + Level 3.0 Evocations


You had 5 spell levels left.
You didn't know any spells.
Your spell library contained the following spells:

 Spells                   Type           Power      Damage    Failure   Level
 Magic Dart               Conj           0%         1d3       28%         1
 Summon Small Mammal      Summ           0%         N/A       28%         1
 Call Imp                 Summ           0%         N/A       41%         2
 Sublimation of Blood     Necr           0%         N/A       41%         2
 Call Canine Familiar     Summ           0%         N/A       65%         3
 Mephitic Cloud           Conj/Pois/Air  0%         N/A       65%         3
 Summon Guardian Golem    Hex/Summ       0%         N/A       65%         3
 Petrify                  Tmut/Erth      0%         N/A       96%         4
 Irradiate                Conj/Tmut      0%         3d14      100%        5


Dungeon Overview and Level Annotations

Branches:
Dungeon (7/15)
 Temple: D:4-7

Altars:
Vehumet
Xom

Shops:
D:2 (


Innate Abilities, Weirdness & Mutations

You have sharp claws.
You have razor-sharp teeth.
You have supernaturally acute eyesight. (SInv)
You cover ground quickly. (Speed+)
You are covered in thick fur. (AC +2)
Your paws help you pounce on unaware monsters.
You are incapable of wielding weapons or throwing items.
You cannot wear armour.
You gain extra lives every three experience levels.
You have a pair of small horns on your head.
You possess an exceptional clarity of mind.
You are somewhat resistant to both further mutation and mutation removal.
Your muscles are strong. (Str +2)


Message History

The gnoll completely misses you.
You scratch the gnoll but do no damage.
The gnoll is severely wounded.
The gnoll closely misses you.
You closely miss the gnoll. You claw the gnoll. Your bite misses the gnoll.
The gnoll is almost dead.
You scratch the gnoll.
You kill the gnoll!
No target in view!
No target in view!
Things that are here:
a +0 halberd; a gnoll corpse
g - an amethyst potion You see here a +0 spear.
A sourceless malevolence fills the Dungeon...
You fall into a shaft and drop 3 floors!
The shaft crumbles and collapses.
A necrophage and a sky beast come into view.
Found a potion of brilliance.
Found an escape hatch in the ceiling.
Unknown command.
An ogre comes into view. It is wielding a +0 giant club.
The ogre shouts!
You see here a potion of brilliance.
The sky beast barely misses you. "The weather's been a little too boring around here."
The sky beast completely misses you. The sky beast hits you.
The sky beast shocks you.
There is an escape hatch in the ceiling here.
The necrophage misses you. The ogre misses you.
A mysterious force pulls you upwards. The hatch slams shut behind you.
As you read the scroll of fear, it crumbles to dust.
You assume a fearsome visage.
The necrophage is unaffected.
The ogre looks frightened!
The necrophage completely misses you.
You barely miss the ogre.
Your attack snaps the ogre out of its fear.
You bite the ogre, but do no damage.
The ogre hits you with a +0 giant club!!
Ouch! That really hurt!
You die...
Xom thinks this is hilarious!

####
#..
#.#
#.#
#n#
#@#
#O#
#.#
#.#
#.#
#.#
#.#
#.#


You could see an ogre and a necrophage.

Vanquished Creatures
  A black bear (D:4)
  A hound (D:4)
  Ijyb (D:3)
  Natasha (twice) (D:3)
  An orc wizard (D:4)
  3 gnolls (D:4)
  5 adders
  3 dart slugs
  10 orcs
  3 ball pythons
  6 endoplasms
  6 giant cockroaches (D:1)
  10 goblins
  5 hobgoblins
  A jackal (D:2)
  5 kobolds
  4 quokkas
  4 bats
  4 frilled lizards
  4 rats
79 creatures vanquished.

Vanquished Creatures (collateral kills)
  A phantom (D:4)
  Natasha (D:3)
2 creatures vanquished.

Grand Total: 81 creatures vanquished

Notes
Turn   | Place    | Note
-------+----------+-------------------------------------------
     0 | D:1      | Inarius the Felid Chaos Knight began the quest for the Orb.
     0 | D:1      | Reached XP level 1. HP: 10/10 MP: 2/2
    32 | D:1      | XOM: silly message
   254 | D:1      | Reached XP level 2. HP: 14/14 MP: 3/3
   605 | D:1      | XOM: noise
   661 | D:1      | Reached skill level 1 in Stealth
   902 | D:1      | Reached XP level 3. HP: 17/17 MP: 4/4
  1047 | D:1      | XOM: cloud trail
  1143 | D:1      | XOM is BORED!
  1187 | D:1      | Reached skill level 1 in Evocations
  1513 | D:2      | Found a radiant altar of Vehumet.
  1514 | D:2      | Found Jurrawor's Weapon Shop.
  1957 | D:2      | XOM: god gift: forked iron wand {god gift}
  2254 | D:2      | XOM: god gift: 33 gold pieces
  2357 | D:3      | Reached XP level 4. HP: 21/21 MP: 5/5
  2408 | D:3      | Noticed Natasha
  2475 | D:2      | XOM: god gift: glowing scimitar {god gift}
  2482 | D:3      | XOM: cast spell 'Summon Mana Viper'
  2485 | D:3      | Killed Natasha
  2486 | D:3      | Reached skill level 4 in Unarmed Combat
  2558 | D:3      | Found a faded altar of an unknown god.
  2739 | D:3      | Noticed Natasha
  2745 | D:3      | Killed Natasha
  2746 | D:3      | Reached XP level 5. HP: 24/24 MP: 6/6
  2860 | D:3      | Noticed Ijyb
  2878 | D:3      | Killed Ijyb
  3169 | D:3      | Noticed Natasha
  3177 | D:3      | Killed Natasha
  3281 | D:3      | XOM: god gift: 542 gold pieces
  3388 | D:4      | Noticed a black bear
  3410 | D:4      | Slain by a black bear
  3411 | D:4      | Reached XP level 4. HP: 0/21 MP: 5/5
  3417 | D:4      | XOM: scenery: create altars
  3423 | D:4      | Noticed a phantom
  3430 | D:4      | Killed a black bear
  3431 | D:4      | Reached skill level 5 in Unarmed Combat
  3431 | D:4      | Reached XP level 5. HP: 10/24 MP: 6/6
  3448 | D:4      | XOM: god gift: 33 gold pieces
  3475 | D:4      | XOM: scenery: create altars
  3639 | D:4      | XOM: cast spell 'Leda's Liquefaction'
  3880 | D:4      | XOM: summons 5 friendly demons
  3885 | D:4      | Killed a phantom
  3886 | D:4      | Gained mutation: You are covered in thick fur. (AC +2)
                  | [Felid growth]
  3886 | D:4      | Reached XP level 6. HP: 28/28 MP: 7/7
  3945 | D:4      | XOM: give mutations
  3945 | D:4      | Gained mutation: You are somewhat resistant to further
                  | mutation. [Xom's grace]
  3945 | D:4      | Gained mutation: You are somewhat resistant to both further
                  | mutation and mutation removal. [Xom's grace]
  3945 | D:4      | Gained mutation: You have a pair of small horns on your
                  | head. [Xom's grace]
  4001 | D:4      | XOM: give mutations
  4001 | D:4      | Gained mutation: Your muscles are strong. (Str +2) [Xom's
                  | grace]
  4001 | D:4      | Gained mutation: You possess an exceptional clarity of
                  | mind. [Xom's grace]
  4226 | D:4      | You fall into a shaft and drop 3 floors!
  4226 | D:7      | Noticed a sky beast
  4230 | D:7      | XOM: fog
  4238 | D:6      | Mangled by an ogre

Illustrated notes

Levels and vault maps discovered:
D:1:      minmay_arrival_nine_rooms, layout_loops_ring
D:2:      layout_rooms, basic_altar, serial_shops, nicolae_shop_trees,
          minmay_pentomino_w4
D:3:      layout_basic, dreamdust_ecumenical_altar_angels_and_demons,
          uniq_natasha, uniq_ijyb
D:4:      wander_river, layout_basic, uniq_grinder
D:6:      layout_basic
D:7:      layout_basic, okawaru_metal_pillars_1_2,
          minmay_temple_entry_proselytizer, nicolae_stop_n_shop_2

Skill      XL: |  1  2  3  4  5  6 |
---------------+-------------------+-----
Stealth        | 1 3 |  3.9
Evocations     | 1 2 3 |  3.0
Unarmed Combat | 5 |  5.7
Dodging        | 4 |  4.5
Fighting       | |  3.6

Action                   |  1- 3 |  4- 6 || total
-------------------------+-------+-------++-------
Melee: Unarmed           |   138 |   100 ||   238
       Bite              |    20 |    13 ||    33
       Punch             |     4 |     3 ||     7
       Headbutt          |       |     2 ||     2
Evoke: Piece from Xom's  |       |    16 ||    16
       Wand              |       |     6 ||     6
  Use: Scroll            |       |     7 ||     7
 Stab: Sleeping          |     1 |     1 ||     2
       Distracted        |     1 |       ||     1
Armor: Skin              |     6 |     4 ||    10
Dodge: Dodged            |   101 |    71 ||   172

Table legend: (Time is in decaauts)
 A = Elapsed time spent in this place.
 B = Non-inter-level travel time spent in this place.
 C = Inter-level travel time spent in this place.
 D = Time resting spent in this place.
 E = Time spent auto-exploring this place.
 F = Levels seen in this place.
 G = Mean time per level.
                   A        B        C        D        E       F      G
               +--------+--------+--------+--------+--------+-----+--------+
         Total |   3823 |   3602 |    221 |   1378 |   1423 |   6 |  637.2 |
       Dungeon |   3823 |   3602 |    221 |   1378 |   1423 |   6 |  637.2 |
               +--------+--------+--------+--------+--------+-----+--------+

Top non-repeatable levels by time:
     D:1: 1520 daAuts
     D:3: 1015 daAuts
     D:2: 655 daAuts
     D:4: 622 daAuts
     D:7: 6 daAuts
     D:6: 3 daAuts
